 Dungeon Crawl Stone Soup version 0.31.0-12-g77e489cdc1 (webtiles) character file.

Game seed: 14627295424720853478

23118 Aneyh the Convoker (level 13, -1/74 HPs)
             Began as a Tengu Monk on Feb 10, 2024.
             Was an Elder of Hepliaklqana.
             Slain by a cyan ugly thing (16 damage)
             ... on level 15 of the Dungeon on Feb 14, 2024.
             The game lasted 00:50:36 (17805 turns).

Aneyh the Convoker (Tengu Monk)                    Turns: 17805, Time: 00:50:38

Health: -1/74      AC:  9    Str: 14    XL:     13   Next: 4%
Magic:  7/7        EV: 16    Int: 14    God:    Hepliaklqana [****..]
Gold:   826        SH:  0    Dex: 16    Spells: 0/12 levels left

rFire   + + .        a - +7 bardiche of the Hammering Pill Bug {antimagic, rF+}
rCold   + . .        (shield currently unavailable)
rNeg    . . .        x - +3 leather armour {rPois}
rPois   +            (helmet restricted)
rElec   .            D - +0 cloak
rCorr   +            k - +1 pair of gloves
SInv    .            (boots unavailable)
Will    .....        (no amulet)
Stlth   +            U - ring of protection from fire
HPRegen 0.32/turn    u - ring "Hiacuel" {rC+ Will- rCorr MP+9}
MPRegen 0.10/turn

%: acrobat
@: confused, about to teleport, ambrosia-drunk, flying
A: reduced essence, beak, talons 3, evasive flight, acrobatic
a: Renounce Religion, Recall Ancestor, Ancestor Identity, Transference, Idealise


You were on level 15 of the Dungeon.
You worshipped Hepliaklqana.
Hepliaklqana was greatly pleased with you.
You visited 2 branches of the dungeon, and saw 16 of its levels.

You collected 826 gold pieces.

Inventory:

Hand Weapons
 a - the +7 bardiche of the Hammering Pill Bug (weapon) {antimagic, rF+}
   (You acquired it on level 9 of the Dungeon)

   rF+:       It protects you from fire.
 b - a +1 orcbow of freezing
 g - a +1 scimitar of flaming
 o - a +2 halberd
 F - a +0 eveningstar
 Q - the +7 mace "Agoty" {freeze, *Rage rPois rC+++ Str+3}
   (You found it on level 6 of the Dungeon)

   Str+3:     It affects your strength (+3).
   rC+++:     It renders you almost immune to cold.
   rPois:     It protects you from poison *Rage: It berserks you when you make
   melee attacks (+20% chance).
 V - a +5 battleaxe
 X - a +1 vampiric trident
Armour
 d - an orb of light
 k - a +1 pair of gloves (worn)
 p - +0 acid dragon scales
 x - a +3 leather armour of poison resistance (worn)
 D - a +0 cloak (worn)
 H - a +0 troll leather armour
 Y - a +3 leather armour of willpower
Jewellery
 q - a ring of protection from cold
 r - an amulet of guardian spirit
 t - a ring of see invisible
 u - the ring "Hiacuel" (right hand) {rC+ Will- rCorr MP+9}
   (You acquired it on level 10 of the Dungeon)

   [ring of magical power]

   rC+:       It protects you from cold.
   Will-:     It decreases your willpower.
   MP+9:      It affects your magic capacity (+9).
   rCorr:     It protects you from acid and corrosion.
 C - a +6 ring of intelligence
 U - a ring of protection from fire (left hand)
Wands
 c - a wand of polymorph (6)
 B - a wand of digging (5)
 I - a wand of charming (8)
 P - a wand of roots (12)
 W - a wand of flame (15)
Scrolls
 e - 5 scrolls of enchant armour
 f - 4 scrolls of brand weapon
 i - 3 scrolls of amnesia
 j - 5 scrolls of revelation
 n - 3 scrolls of fog
 y - 4 scrolls of enchant weapon
 G - 2 scrolls of poison {unknown}
 J - a scroll of noise {unknown}
 M - a scroll of silence {unknown}
 R - 3 scrolls of immolation {unknown}
 T - a scroll of vulnerability {unknown}
Potions
 h - 3 potions of lignification
 l - 6 potions of curing
 v - 2 potions of enlightenment {unknown}
 w - a potion of haste {unknown}
 z - 2 potions of brilliance {unknown}
 A - a potion of heal wounds
 K - 4 potions of mutation {unknown}
 N - a potion of attraction {unknown}
 O - a potion of berserk rage {unknown}
 S - a potion of resistance {unknown}
Miscellaneous
 Z - a box of beasts


   Skills:
 + Level 10.5 Fighting
 - Level 6.0 Maces & Flails
 + Level 12.6 Polearms
 - Level 3.2 Dodging
 + Level 17.0 Summonings


You couldn't memorise any spells.
You knew the following spells:

 Your Spells              Type           Power      Damage    Failure   Level
a - Call Imp              Summ           94%        N/A       1%          2
b - Call Canine Familiar  Summ           47%        N/A       1%          3
c - Summon Hydra          Summ           23%        N/A       28%         7

Your spell library contained the following spells:

 Spells                   Type           Power      Damage    Failure   Level
 Summon Small Mammal      Summ           100%       N/A       1%          1
 Summon Blazeheart Golem  Fire/Summ      23%        N/A       11%         4
 Apportation              Tloc           0%         N/A       36%         1
 Ensorcelled Hibernation  Hex/Ice        0%         N/A       50%         2
 Jinxbite                 Hex            0%         N/A       50%         2
 Sublimation of Blood     Necr           0%         N/A       50%         2
 Fugue of the Fallen      Necr           0%         N/A       73%         3
 Passwall                 Erth           0%         N/A       73%         3
 Swiftness                Air            0%         N/A       73%         3
 Volatile Blastmotes      Fire/Tloc      0%         2d10      73%         3
 Anguish                  Hex/Necr       0%         N/A       98%         4
 Cause Fear               Hex            0%         N/A       98%         4
 Fulminant Prism          Conj/Alch      0%         3d5       98%         4
 Iskenderun's Mystic Bla  Conj/Tloc      0%         2d3       98%         4
 Alistair's Intoxication  Alch           0%         N/A       100%        5
 Enfeeble                 Hex            0%         N/A       100%        7


Dungeon Overview and Level Annotations

Branches:
Dungeon (15/15)            Temple (1/1) D:5            Lair (0/5) D:9
    Orc (0/2) D:11         Depths (0/4) D:15
 Vaults: D:13-14

Altars:
Ashenzari
Cheibriados
Dithmenos
Elyvilon
Fedhas
Gozag
Hepliaklqana
Kikubaaqudgha
Makhleb
Nemelex Xobeh
Okawaru
Qazlal
Ru
Sif Muna
Trog
Uskayaw
Vehumet
Wu Jian
Xom
Yredelemnul
Zin
The Shining One

Annotations:
D:13 Rupert


Innate Abilities, Weirdness & Mutations

Your life essence is reduced to manifest your ancestor. (-10% HP)
You have a beak for a mouth.
You have claws for feet.
Your magical flight helps you evade attacks. (EV +4)
You can magically evade attacks while moving or waiting.


Message History

The cyan ugly thing misses you.
The cyan ugly thing attacks as it pursues you!
The cyan ugly thing barely misses you. The cyan ugly thing closely misses you.
The cyan ugly thing attacks as it pursues you!
The cyan ugly thing punches you. The cyan ugly thing shocks you!
The cyan ugly thing attacks as it pursues you!
The cyan ugly thing completely misses you.
The cyan ugly thing attacks as it pursues you!
The cyan ugly thing barely misses you.
The cyan ugly thing attacks as it pursues you!
The cyan ugly thing barely misses you.
The cyan ugly thing attacks as it pursues you!
The cyan ugly thing punches you! The cyan ugly thing shocks you!
* * * LOW HITPOINT WARNING * * *
The cyan ugly thing attacks as it pursues you!
The cyan ugly thing punches you but does no damage.
You feel much better. The cyan ugly thing punches you.
The cyan ugly thing shocks you!
The skeletal warrior attacks as it pursues you!
The skeletal warrior hits you from afar with a +0 glaive!!
* * * LOW HITPOINT WARNING * * *
Okay, then.
You feel much better.
The skeletal warrior hits you from afar with a +0 glaive.
The cyan ugly thing punches you but does no damage.
You feel much better.
The skeletal warrior closely misses you.
The cyan ugly thing punches you! The cyan ugly thing shocks you!
As you read the scroll labelled UMIAB JUVAIVOG, it crumbles to dust.
You feel strangely unstable.
It was a scroll of teleportation.
The skeletal warrior misses you. The cyan ugly thing barely misses you.
The cyan ugly thing headbutts you. The cyan ugly thing shocks you!
You are confused.
You feel invigorated.
The skeletal warrior hits you from afar with a +0 glaive!
* * * LOW HITPOINT WARNING * * *
The cyan ugly thing misses you. The cyan ugly thing headbutts you.
* * * LOW HITPOINT WARNING * * *
The cyan ugly thing shocks you!
You die...

...............,,.....##,,,......
...............,,....##.,##....##
###..##########***#.....##..##...
###..# #..##.zu.##..#*
###..##############..#####.z..##.
###..................########....
................z.z.........[.##.
.....#######*#..uuu........##..##
###).# #..@###....##..##)). #..#
#...# #.##..##...)## #.<# #...#
#....##..##).. #..#########...#
####....##..##
###.......(......#*#######....##.
..................,...,,.........
..................,...,,.........
####..############*#.#**#########
#..# #.#


You could see 3 ugly things and 2 skeletal warriors.

Vanquished Creatures
  Azrael (D:13)
  Snorg (D:10)
  An arcanist (D:13)
  A manticore (D:14)
  2 cyclopes (D:12)
  A kobold demonologist (D:11)
  A yaktaur (shapeshifter) (D:13)
  2 trolls
  3 hornets
  Grinder (D:3)
  Prince Ribbit (D:5)
  6 slime creatures
  9 yaks
  A shadow (D:9)
  2 fire elementals (D:13)
  A wyvern (D:7)
  6 vampire mosquitoes
  A redback simulacrum (D:14)
  2 water moccasins
  A black bear (D:8)
  2 hell hounds (D:13)
  3 ogres
  2 ice beasts
  2 orc warriors
  9 centaurs
  A bullfrog (D:7)
  A kobold brigand (D:11)
  2 gnoll sergeants
  A scorpion (D:7)
  3 wights
  A killer bee (D:8)
  4 howler monkeys
  A hound (D:6)
  A bombardier beetle (D:4)
  A jelly (D:5)
  4 orc priests
  A sleepcap (D:6)
  Jessica (D:2)
  Natasha (twice) (D:3)
  2 iguanas
  10 orc wizards
  2 mutant beasts (D:11)
  6 adders
  7 gnolls
  A shadow imp (D:6)
  A white imp (D:5)
  A ribbon worm (D:2)
  3 dart slugs
  28 orcs
  9 ball pythons
  5 endoplasms
  2 giant cockroaches
  A goblin (D:1)
  8 hobgoblins
  10 jackals
  A quokka (D:1)
  4 bats
  2 frilled lizards (D:1)
  8 kobolds
  5 rats
202 creatures vanquished.

Vanquished Creatures (collateral kills)
  3 centaur warriors
  A boulder beetle (D:12)
  5 two-headed ogres
  2 ugly things
  3 slime creatures
  3 mutant beasts (D:11)
  A troll (D:12)
  A shadow (D:12)
  A wraith (D:10)
  3 yaks
  A steam dragon (D:7)
  8 vampire mosquitoes
  2 acid dragons
  3 orc warriors
  An ogre (D:7)
  4 centaurs
  A kobold brigand (D:8)
  2 bullfrogs
  A gnoll sergeant (D:10)
  A scorpion (D:7)
  4 wights
  2 killer bees (D:8)
  An electric eel (D:14)
  2 howler monkeys
  4 orc priests
  5 orc wizards
  9 gnolls
  2 white imps (D:7)
  2 ufetubi (D:6)
  19 orcs
  5 kobolds
102 creatures vanquished.

Vanquished Creatures (others)
  A vampire mosquito (D:13)
  9 knights
  A mutant beast (D:11)
11 creatures vanquished.

Grand Total: 315 creatures vanquished

Notes
Turn   | Place    | Note
-------+----------+-------------------------------------------
     0 | D:1      | Aneyh the Tengu Monk began the quest for the Orb.
     0 | D:1      | Reached XP level 1. HP: 14/14 MP: 2/2
     1 | D:1      | Upgraded the game from 0.31.0-11-ge490571c62 to
                  | 0.31.0-12-g77e489cdc1
    68 | D:1      | Reached XP level 2. HP: 15/19 MP: 3/3
   311 | D:1      | Reached XP level 3. HP: 23/23 MP: 4/4
   357 | D:1      | Found a faded altar of an unknown god.
   833 | D:2      | Reached skill level 5 in Polearms
  1088 | D:2      | Noticed Jessica
  1100 | D:2      | Killed Jessica
  1101 | D:2      | Reached XP level 4. HP: 19/29 MP: 5/5
  1264 | D:3      | Noticed Grinder
  1269 | D:3      | Paralysed by Grinder for 5 turns
  1292 | D:3      | Paralysed by Grinder for 3 turns
  1296 | D:3      | Killed Grinder
  1297 | D:3      | Reached skill level 5 in Fighting
  1297 | D:3      | Reached XP level 5. HP: 15/36 MP: 6/6
  1297 | D:3      | Reached XP level 6. HP: 17/41 MP: 7/7
  1416 | D:3      | Noticed Natasha
  1429 | D:3      | Killed Natasha
  1495 | D:3      | Learned a level 2 spell: Call Imp
  1569 | D:3      | Noticed Natasha
  1857 | D:3      | Killed Natasha
  1858 | D:3      | Reached skill level 1 in Summonings
  2347 | D:3      | Reached skill level 1 in Maces & Flails
  2378 | D:4      | Reached skill level 2 in Summonings
  2378 | D:4      | Gained mutation: Your magical flight helps you evade
                  | attacks. (EV +4) [Tengu growth]
  2378 | D:4      | Reached XP level 7. HP: 38/47 MP: 5/8
  2933 | D:4      | Learned a level 3 spell: Call Canine Familiar
  2956 | D:4      | Reached skill level 3 in Summonings
  3212 | D:5      | Entered Level 5 of the Dungeon
  3383 | D:5      | Found a staircase to the Ecumenical Temple.
  3400 | Temple   | Entered the Ecumenical Temple
  3427 | Temple   | Became a worshipper of Hepliaklqana the Forgotten
  3427 | Temple   | Reached * piety under Hepliaklqana
  3427 | Temple   | Reached ** piety under Hepliaklqana
  3428 | Temple   | Remembered your ancestor Ahumratum as a knight
  3528 | D:5      | Noticed Prince Ribbit
  3536 | D:5      | Killed Prince Ribbit
  3537 | D:5      | Reached skill level 4 in Summonings
  3597 | D:5      | Reached skill level 5 in Summonings
  3597 | D:5      | Reached XP level 8. HP: 28/46 MP: 9/9
  3758 | D:5      | Reached skill level 6 in Summonings
  3853 | D:5      | Found a stormy altar of Qazlal.
  3853 | D:5      | Found a burning altar of Makhleb.
  3853 | D:5      | Found a sacrificial altar of Ru.
  4377 | D:6      | Identified the +7 mace "Agoty" {freeze, *Rage rPois rC+++
                  | Str+3}
  4388 | D:6      | Reached skill level 7 in Summonings
  5086 | D:7      | Noticed an angel
  5093 | D:7      | Reached skill level 8 in Summonings
  5147 | D:7      | Noticed a wyvern
  5164 | D:7      | Killed a wyvern
  5165 | D:7      | Reached XP level 9. HP: 46/51 MP: 3/10
  5174 | D:7      | Reached skill level 9 in Summonings
  5826 | D:7      | Found a glowing silver altar of Zin.
  5832 | D:7      | Found a shimmering altar of Xom.
  6072 | D:7      | Reached skill level 10 in Summonings
  6153 | D:7      | Reached *** piety under Hepliaklqana
  6417 | D:8      | Noticed a hornet
  6427 | D:8      | Killed a hornet
  6443 | D:8      | Reached skill level 11 in Summonings
  6514 | D:8      | Reached skill level 5 in Maces & Flails
  6620 | D:8      | Noticed a hornet
  6626 | D:8      | Killed a hornet
  6684 | D:8      | Reached skill level 12 in Summonings
  6684 | D:8      | Reached XP level 10. HP: 57/57 MP: 11/11
  6976 | D:8      | Reached skill level 13 in Summonings
  7366 | D:9      | Found a staircase to the Lair.
  8013 | D:9      | Reached skill level 14 in Summonings
  8442 | D:9      | Identified a scroll of acquirement
  8446 | D:9      | Acquired the +7 bardiche of the Hammering Pill Bug
                  | {antimagic, rF+}
  8937 | D:10     | Entered Level 10 of the Dungeon
  9523 | D:10     | Noticed a two-headed ogre
  9530 | D:10     | Killed a two-headed ogre
  9531 | D:10     | Reached skill level 15 in Summonings
  9531 | D:10     | Reached XP level 11. HP: 49/62 MP: 9/12
  9589 | D:10     | Found a blossoming altar of Fedhas.
  9752 | D:10     | Acquired the ring "Hiacuel" {rC+ Will- rCorr MP+9}
 10044 | D:10     | Found a basalt altar of Yredelemnul.
 10227 | D:10     | Noticed Snorg
 10238 | D:10     | Killed Snorg
 10285 | D:10     | Reached **** piety under Hepliaklqana
 10313 | D:10     | Found a white marble altar of Elyvilon.
 11201 | D:11     | Reached skill level 16 in Summonings
 11248 | D:11     | Noticed a juvenile fireox beast
 11258 | D:11     | Killed a juvenile fireox beast
 11379 | D:11     | Noticed a two-headed ogre
 11389 | D:11     | Killed a two-headed ogre
 11660 | D:11     | Noticed a two-headed ogre
 11668 | D:11     | Killed a two-headed ogre
 12060 | D:11     | Found a staircase to the Orcish Mines.
 12608 | D:12     | Noticed a centaur warrior
 12629 | D:12     | Killed a centaur warrior
 12836 | D:12     | Noticed a boulder beetle
 12857 | D:12     | Killed a boulder beetle
 12858 | D:12     | Reached XP level 12. HP: 68/68 MP: 7/13
 13532 | D:12     | Reached skill level 17 in Summonings
 14402 | D:12     | Reached skill level 10 in Polearms
 14737 | D:13     | Noticed a two-headed ogre
 14738 | D:13     | Noticed a two-headed ogre
 14746 | D:13     | Killed a two-headed ogre
 14833 | D:12     | Killed a two-headed ogre
 15805 | D:13     | Noticed Azrael
 15809 | D:13     | Reached skill level 10 in Fighting
 15831 | D:13     | Killed Azrael
 15999 | D:13     | Noticed Rupert
 16562 | D:14     | Noticed a centaur warrior
 17071 | D:14     | Noticed a centaur warrior
 17090 | D:14     | Killed a centaur warrior
 17212 | D:15     | Entered Level 15 of the Dungeon
 17699 | D:15     | Noticed a centaur warrior
 17710 | D:15     | Killed a centaur warrior
 17711 | D:15     | Reached XP level 13. HP: 56/74 MP: 5/14
 17725 | D:15     | Learned a level 7 spell: Summon Hydra
 17801 | D:15     | HP: 2/74 [skeletal warrior/+0 glaive (32)]
 17805 | D:15     | Slain by a cyan ugly thing

Illustrated notes

Levels and vault maps discovered:
D:1:      scummos_arrival_simple_fountains, layout_rooms,
          hellmonk_ecumenical_altar_run_dry, minmay_misc_feat_x,
          chequers_serial_rivers_marsh, dk_noncrumbling_2
D:2:      layout_basic, uniq_jessica
D:3:      layout_basic, uniq_grinder, uniq_natasha
D:4:      layout_loops_ring
D:5:      layout_loops_ring, gammafunk_temple_overflow_claw, temple_pool_b,
          grunt_decor_clamped, uniq_prince_ribbit1
D:6:      layout_rooms, nicolae_elevator_lobby_asterisk
D:7:      layout_basic, grunt_temple_overflow_order_and_chaos_1
D:8:      layout_rooms
D:9:      layout_roguey, lair_entry_dummy, kennysheep_opposing_triangles
D:10:     layout_rooms, fedhas_altar_1, kennysheep_ying_yang,
          minmay_misc_feat_rows, serial_bayou_pond_c, uniq_snorg
D:11:     layout_loops_ring, minmay_orc_entry_temple_small, nicolae_beast_mode,
          uniq_sonja
D:12:     layout_loops_ring, minmay_misc_feat_enclosed
D:13:     layout_loops_ring, uniq_nessos, uniq_azrael, uniq_rupert
D:14:     layout_basic, lightli_vaults_fourway_checkpoint, serial_park_fountain
D:15:     grunt_enter_depths_snipers, layout_long_grid, nicolae_zig_zag_zippers
Temple:   dpeg_chambers_temple

Skill      XL: |  1  2  3  4  5  6  7  8  9 10 11 12 |
---------------+-------------------------------------+-----
Polearms       | 4 5 8 12 | 12.6
Fighting       | 5 6 7 8 9 10 | 10.5
Summonings     | 2 5 8 12 15 16 17 | 17.0
Maces & Flails | 1 2 4 5 6 |  6.0
Dodging        | |  3.2

Action                     |  1- 3 |  4- 6 |  7- 9 | 10-12 | 13-15 || total
---------------------------+-------+-------+-------+-------+-------++-------
  Melee: Spear             |   113 |    90 |    64 |       |       ||   267
         Kick              |    20 |    24 |    58 |    61 |     1 ||   164
         Peck              |     7 |    16 |    32 |    40 |       ||    95
         Halberd           |       |       |   163 |   143 |       ||   306
         Bardiche          |       |       |       |   229 |    13 ||   242
         Mace              |       |       |       |     2 |       ||     2
   Fire: Shortbow          |       |       |       |     4 |       ||     4
  Throw: Dart              |       |     9 |       |       |       ||     9
         Javelin           |       |     5 |       |       |       ||     5
   Cast: Call Imp          |       |     8 |    22 |    30 |       ||    60
         Call Canine Famil |       |       |    18 |    53 |       ||    71
         Summon Hydra      |       |       |       |       |     1 ||     1
 Invoke: Ancestor Life: Kn |       |       |     1 |       |       ||     1
         Recall Ancestor   |       |       |       |     1 |       ||     1
         Idealise          |       |       |       |     1 |       ||     1
    Use: Potion            |     1 |       |       |     2 |     4 ||     7
         Scroll            |       |       |       |    15 |     1 ||    16
   Stab: Sleeping          |     3 |     3 |     1 |       |       ||     7
         Distracted        |       |     1 |     3 |     6 |     2 ||    12
 Armour: Robe              |    39 |    24 |       |       |       ||    63
         Leather armour    |       |       |    91 |   189 |    17 ||   297
  Dodge: Dodged            |    52 |    41 |   142 |   229 |    32 ||   496
